 Dungeon Crawl Stone Soup version 0.30.1-9-gdf580d7c3d (webtiles) character file.

Game seed: 3093286108991569459

1495 eliilek the Basher (level 8, -4/74 HPs)
             Began as a Minotaur Berserker on Oct 22, 2023.
             Was an Elder of Trog.
             Slain by a yak (8 damage)
             ... on level 5 of the Dungeon.
             The game lasted 00:10:35 (3885 turns).

eliilek the Basher (Minotaur Berserker)             Turns: 3885, Time: 00:10:35

Health: -4/74      AC:  9    Str: 24    XL:     8   Next: 51%
Magic:  7/7        EV:  7    Int:  4    God:    Trog [****..]
Gold:   291        SH:  7    Dex: 10    Spells: 7/7 levels left

rFire   . . .        a - +1 mace
rCold   . . .        l - +1 kite shield
rNeg    . . .        h - +0 chain mail
rPois   .            (helmet restricted)
rElec   .            u - +0 cloak
rCorr   .            (no gloves)
SInv    +            (no boots)
Will    .....        q - amulet of regeneration Stlth
                     j - +4 ring of slaying
HPRegen 1.12/turn    p - ring of see invisible
MPRegen 0.10/turn

%: no passive effects
@: no status effects
A: horns 2, retaliatory headbutt
a: Renounce Religion, Berserk, Trog's Hand, Brothers in Arms


You were on level 5 of the Dungeon.
You worshipped Trog.
Trog was greatly pleased with you.
You visited 1 branch of the dungeon, and saw 6 of its levels.
You also visited: Ossuary.

You collected 291 gold pieces.

Inventory:

Hand Weapons
 a - a +1 mace (weapon)
Missiles
 m - 10 poisoned darts (quivered)
Armour
 h - a +0 chain mail (worn)
 l - a +1 kite shield (worn)
 u - a +0 cloak (worn)
Jewellery
 e - a ring of protection from cold
 j - a +4 ring of slaying (left hand)
 p - a ring of see invisible (right hand)
 q - an amulet of regeneration (around neck)
Scrolls
 g - 2 scrolls of fog {unknown}
 i - a scroll of enchant armour
 n - a scroll of teleportation
 t - a scroll of identify
 w - a scroll of vulnerability {unknown}
 x - a scroll of amnesia {unknown}
 y - a scroll of fear {unknown}
Potions
 b - a potion of haste
 c - a potion of berserk rage
 d - 4 potions of invisibility
 f - 4 potions of curing
 k - a potion of magic {unknown}
 o - 2 potions of might
 r - a potion of lignification {unknown}
 s - a potion of resistance {unknown}
 v - 2 potions of heal wounds {unknown}


   Skills:
 + Level 8.2 Fighting
 * Level 11.0 Maces & Flails
 - Level 2.4 Armour
 - Level 2.1 Dodging


You had 7 spell levels left.
You didn't know any spells.
Your spell library was empty.

Dungeon Overview and Level Annotations

Branches:
Dungeon (6/15)            Ossuary (visited)
 Temple: D:4-7

Altars:
Makhleb


Innate Abilities, Weirdness & Mutations

You have a pair of horns on your head.
You reflexively headbutt those who attack you in melee.


Message History

The yak gores you! The yak barely misses you.
You sock the yak!
The yak is severely wounded.
You block the yak's attack. The yak gores you but does no damage.
You hit the yak but do no damage.
The yak is severely wounded.
The yak gores you but does no damage. The yak barely misses you.
You hit the yak. You headbutt the yak, but do no damage.
The yak is severely wounded.
The yak gores you!
* * * LOW HITPOINT WARNING * * *
The yak gores you!
* * * LOW HITPOINT WARNING * * *
You thump the yak!
You kill the yak!
Trog accepts your kill. You block the yak's attack.
Your Fighting skill increases to level 8!
Your Maces & Flails skill increases to level 11!
You hit the yak. Your headbutt misses the yak.
The yak is lightly wounded.
You block the yak's attack.
You sock the yak!
The yak is moderately wounded.
You block the yak's attack.
You hit the yak. You headbutt the yak.
The yak is moderately wounded.
The yak gores you.
* * * LOW HITPOINT WARNING * * *
You hit the yak.
The yak is heavily wounded.
The yak gores you.
* * * LOW HITPOINT WARNING * * *
You sock the yak!
The yak is almost dead.
The yak gores you!
* * * LOW HITPOINT WARNING * * *
The yak attacks as you move away! The yak gores you but does no damage.
The yak attacks as you move away! The yak gores you!
You die...

[...#......# #..........#
....#......###########..........#
....#...........................#
..............########..........#
....#......##.# #..........#
#####......##.### #..........#
##########..#.>.# #..........#
#..#### ##.###Y#########.###....
#.....# #...#.@...........>.##:
###...#######..##....####.#######
# ##..............##.# ##.#######
# #.######.(........###..#......
# #.# #.....##..##..##..#..#####
####.###.....###.##.....##.## #..
..##...#.....###.####......####..
#..###.#................#####....
##.###.#.....####..###<..###..#..


You could see a yak.

Vanquished Creatures
  2 yaks
  Eustachio (D:4)
  A black bear (D:5)
  An ogre (D:4)
  A centaur (D:5)
  An elf zombie (Ossuary)
  A scorpion (D:4)
  3 wights (D:5)
  3 centaur zombies (Ossuary)
  2 human zombies (Ossuary)
  A hound (D:5)
  An iguana (D:5)
  A sleepcap (D:5)
  An orc wizard (D:5)
  3 mummies (Ossuary)
  12 adders
  5 adder zombies (Ossuary)
  2 worms (D:2)
  5 dart slugs
  3 orcs
  7 endoplasms
  A giant cockroach (D:4)
  7 goblins
  7 hobgoblins
  4 jackals (D:3)
  2 quokkas
  6 ball pythons
  5 bats
  2 frilled lizards (D:2)
  2 gnoll zombies (Ossuary)
  5 goblin zombies (Ossuary)
  A hobgoblin zombie (Ossuary)
  4 jackal zombies (Ossuary)
  5 kobolds
  3 kobold zombies (Ossuary)
  3 quokka zombies (Ossuary)
  9 rats
  2 rat zombies (Ossuary)
125 creatures vanquished.

Notes
Turn   | Place    | Note
-------+----------+-------------------------------------------
     0 | D:1      | eliilek the Minotaur Berserker began the quest for the Orb.
     0 | D:1      | Reached XP level 1. HP: 19/19 MP: 0/0
    97 | D:1      | Reached skill level 4 in Maces & Flails
   210 | D:1      | Reached XP level 2. HP: 24/27 MP: 1/1
   668 | D:2      | Reached ** piety under Trog
   669 | D:2      | Reached XP level 3. HP: 33/33 MP: 2/2
   799 | D:2      | Reached skill level 5 in Maces & Flails
  1620 | D:3      | Reached XP level 4. HP: 40/41 MP: 3/3
  1717 | D:3      | Identified the +3 leather armour of Hedging {SInv}
  2337 | D:4      | Noticed Eustachio
  2374 | D:4      | Killed Eustachio
  2375 | D:4      | Reached skill level 5 in Fighting
  2375 | D:4      | Reached skill level 6 in Maces & Flails
  2375 | D:4      | Reached XP level 5. HP: 38/48 MP: 4/4
  2471 | D:4      | Reached skill level 7 in Maces & Flails
  2545 | D:4      | Noticed an ogre
  2552 | D:4      | Killed an ogre
  2553 | D:4      | Reached XP level 6. HP: 28/57 MP: 5/5
  2600 | D:4      | Found a sand-covered staircase.
  2605 | Ossuary  | Entered an ossuary
  2626 | Ossuary  | Reached *** piety under Trog
  2732 | Ossuary  | Reached skill level 8 in Maces & Flails
  2754 | Ossuary  | Reached XP level 7. HP: 63/63 MP: 6/6
  2916 | D:4      | Found a burning altar of Makhleb.
  2919 | D:4      | Reached **** piety under Trog
  3370 | D:5      | Entered Level 5 of the Dungeon
  3376 | D:5      | Reached skill level 9 in Maces & Flails
  3669 | D:5      | Reached XP level 8. HP: 73/73 MP: 7/7
  3724 | D:5      | Reached skill level 10 in Maces & Flails
  3878 | D:5      | Reached skill level 11 in Maces & Flails
  3882 | D:5      | HP: 2/74 [yak (11)]
  3885 | D:5      | Slain by a yak

Illustrated notes

Levels and vault maps discovered:
D:1:      roderic_chinese_lattice_arrival, layout_basic, minmay_3d_cube
D:2:      layout_basic, minmay_hexomino_f4
D:3:      layout_loops_ring, chequers_serial_rivers_large_b
D:4:      layout_loops_ring, mainiacjoe_overflow_paths, enter_ossuary_2,
          minmay_misc_feat_roman, kennysheep_generic_room_2, uniq_eustachio
D:5:      layout_rooms
D:6:      layout_loops_corners, minmay_temple_entry_junction, minmay_hedge_maze,
          minmay_door_square, minmay_misc_feat_iff, st_stairs_13, uniq_sigmund,
          uniq_prince_ribbit1, uniq_duvessa

Skill      XL: |  1  2  3  4  5  6  7  8 |
---------------+-------------------------+-----
Maces & Flails | 4 5 6 7 8 9 11 | 11.0
Fighting       | 4 5 6 7 8 |  8.2
Armour         | |  2.4
Dodging        | |  2.1

Action                     |  1- 3 |  4- 6 |  7- 9 || total
---------------------------+-------+-------+-------++-------
  Melee: Mace              |    96 |   119 |    98 ||   313
         Headbutt          |    12 |    18 |    14 ||    44
 Invoke: Berserk           |       |     1 |       ||     1
    Use: Scroll            |       |    10 |     3 ||    13
 Armour: Animal skin       |     9 |       |       ||     9
         Chain mail        |    28 |    64 |    27 ||   119
  Dodge: Dodged            |    46 |    41 |    25 ||   112
  Block: Kite shield       |     9 |    41 |    33 ||    83
